Map: Sludge City

Players

failorn

  • Race: Terran Terran
  • League: Silver
  • Spawn Location: 9:00

RamRomney

  • Race: Terran Terran
  • Spawn Location: 11:00

Manta - Winner!

  • Race: Zerg Zerg
  • League: Silver
  • Spawn Location: 5:00

Mavoc - Winner!

  • Race: Protoss Protoss
  • Spawn Location: 5:00

VOD

Have the link to the VOD?

Description

Time

  • Played on: Feb. 14, 2016, 9:43 p.m.
  • Length: 17:40
Show
View Real Time Build Order
Export as new Build Order

failorn Terran 

Build Orders:  

Get SALT Encoding   

  12  0:02  SCV  
  13  0:14  SCV  
  13  0:19  Supply Depot  
  14  0:31  SCV  
  15  0:41  Barracks  
  15  0:46  SCV  
  16  0:58  SCV  
  16  1:00  Refinery  
  17  1:10  SCV  
  18  1:29  Supply Depot  
  18  1:33  Orbital Command  
  18  1:37  Refinery  
  18  1:54  Ghost Academy  
  18  1:59  Barracks  
  18  2:09  Barracks Tech Lab, SCV  
  19  2:22  SCV  
  20  2:33  Personal Cloaking  
  20  2:34  SCV  
  21  2:48  Command Center  
  21  2:52  Barracks Tech Lab  
  21  3:07  Ghost Academy  
  21  3:18  Factory  
  21  3:24  SCV  
  22  3:36  Ghost  
  22  3:37  SCV  
  25  3:53  Ghost  
  27  4:03  Starport  
  27  4:06  Factory Tech Lab  
  27  4:16  SCV x2  
  29  4:28  Supply Depot, Nuke, SCV x2  
  31  4:40  SCV x2  
  31  4:43  Nuke  
  33  4:52  SCV  
  34  4:53  SCV  
  35  5:04  SCV  
  35  5:05  SCV  
  37  5:17  SCV x2  
  39  5:29  SCV x2  
  41  5:59  SCV x2  
  43  6:11  Refinery, SCV x2  
  45  6:18  Nuke x2  
  45  6:34  Siege Tank  
  45  6:37  Refinery  
  48  6:41  Command Center  
  48  6:44  Supply Depot  
  48  6:57  Ghost  
  50  7:06  Siege Tank  
  50  7:08  Supply Depot  
  53  7:25  Liberator  
  53  7:30  Supply Depot  
  49  7:38  Siege Tank  
  45  7:52  Supply Depot  
  34  8:08  Liberator  
  34  8:20  SCV  
  34  8:24  Engineering Bay  
  36  8:32  SCV  
  22  8:44  SCV  
  20  8:56  SCV  
  18  9:07  Barracks  
  18  9:08  SCV  
  18  9:09  Barracks  
  19  9:10  Barracks  
  19  9:15  Barracks  
  19  9:21  SCV x3  
  22  9:33  SCV x3  
  25  9:45  SCV x3  
  28  9:56  Barracks  
  28  9:57  SCV x3  
  30  10:00  Barracks  
  30  10:05  Barracks  
  26  10:09  SCV  
  26  10:10  SCV x2  
  23  10:46  Command Center  
  23  10:54  Command Center  
  7  11:16  Missile Turret  
  7  11:30  SCV  
  7  11:31  SCV  
  9  11:39  Missile Turret, Marine x3  
  13  11:42  SCV  
  13  11:43  SCV  
  14  11:54  SCV  
  14  11:55  SCV  
  14  11:57  Marine  
  14  12:06  SCV  
  16  12:15  SCV  
  16  12:18  SCV  
  15  12:27  SCV  
  16  12:30  SCV  
  17  12:39  SCV  
  17  12:42  SCV  
  19  12:52  SCV  
  19  12:54  SCV  
  15  13:04  Engineering Bay, SCV  
  12  13:06  SCV  
  12  13:10  Refinery x2  
  13  13:16  SCV  
  13  13:18  SCV  
  15  13:28  SCV  
  15  13:30  SCV  
  17  13:35  Orbital Command  
  17  13:40  SCV  
  18  13:42  SCV  
  18  13:43  Refinery  
  18  13:44  Refinery  
  19  13:52  SCV  
  19  13:54  SCV  
  21  14:04  SCV  
  21  14:06  SCV  
  23  14:16  SCV  
  24  14:19  SCV  
  25  14:28  SCV  
  25  14:29  Command Center  
  25  14:31  SCV  
  27  14:40  SCV  
  27  14:43  SCV  
  29  14:53  SCV  
  29  14:55  SCV  
  29  14:59  Factory  
  31  15:05  SCV  
  32  15:07  SCV  
  33  15:17  SCV  
  33  15:19  SCV  
  35  15:29  Missile Turret, SCV  
  35  15:31  SCV  
  37  15:41  SCV  
  38  15:43  SCV  
  38  15:47  SCV  
  38  15:48  Missile Turret  
  40  15:53  SCV  
  40  15:55  SCV  
  42  15:59  SCV  
  42  16:05  Missile Turret, SCV  
  42  16:07  SCV  
  42  16:10  Missile Turret  
  44  16:11  SCV  
  44  16:17  SCV  
  46  16:20  SCV  
  46  16:23  SCV  
  46  16:24  Missile Turret  
  48  16:29  Missile Turret, SCV  
  48  16:32  SCV  
  50  16:45  Missile Turret  
  50  16:46  Starport x2  
  50  16:48  Starport  
  50  16:49  Starport  
  50  16:52  Missile Turret  
  50  16:59  Supply Depot  
  50  17:14  Supply Depot, Missile Turret  
  50  17:21  Supply Depot  
  39  17:36  Supply Depot  
Show
View Real Time Build Order
Export as new Build Order

RamRomney Terran 

Build Orders: MMM Bio 

Get SALT Encoding   

  12  0:03  SCV  
  13  0:15  SCV  
  14  0:27  Supply Depot  
  14  0:28  SCV  
  15  0:48  SCV  
  16  0:51  Barracks  
  16  1:00  SCV  
  17  1:16  Supply Depot  
  17  1:18  SCV  
  18  1:30  SCV, Barracks  
  19  1:42  SCV  
  19  1:43  Refinery  
  19  1:44  Refinery, Marine  
  21  1:54  SCV  
  21  1:57  Supply Depot  
  22  2:02  Marine  
  22  2:06  SCV  
  24  2:18  SCV  
  24  2:19  Marine  
  24  2:20  Marine  
  27  2:28  Barracks  
  27  2:33  SCV  
  28  2:38  Marine  
  30  2:52  Barracks Reactor  
  30  2:55  Marine  
  30  3:00  Orbital Command  
  30  3:05  Factory  
  30  3:13  Marine  
  30  3:17  Barracks Reactor  
  31  3:29  SCV  
  31  3:33  Supply Depot, Marine  
  31  3:34  Marine  
  35  3:37  Barracks Tech Lab  
  34  3:47  Engineering Bay  
  34  3:49  Factory Tech Lab  
  34  3:50  Starport  
  34  3:51  Marine x2  
  36  4:04  Supply Depot  
  36  4:06  Stimpack  
  36  4:09  Marine, Siege Tank  
  40  4:22  Missile Turret  
  40  4:27  Marine x3  
  43  4:31  Starport Reactor  
  43  4:39  SCV  
  43  4:43  Missile Turret  
  43  4:45  Marine  
  45  4:48  Marine  
  45  4:49  Marine x2  
  48  4:57  Marine  
  49  5:02  Terran Infantry Weapons Level 1  
  49  5:05  Missile Turret  
  49  5:09  Medivac x2  
  53  5:16  Supply Depot  
  53  5:38  Command Center  
  53  6:03  Marine  
  53  6:04  Marine x4  
  58  6:21  Marine x2  
  60  6:45  Marine x3  
  63  6:49  Marine x2  
  50  7:03  Marine  
  50  7:08  Missile Turret  
  51  7:09  Marine x3  
  51  7:10  Marine  
  51  7:12  Medivac x2  
  59  7:20  Marine, SCV  
  61  7:24  SCV  
  61  7:26  Supply Depot  
  61  7:27  Marine x3  
  65  7:32  SCV  
  66  7:44  SCV  
  67  7:56  SCV  
  68  7:58  Marine  
  68  7:59  Marine x3  
  72  8:09  SCV  
  71  8:16  Marine x2  
  71  8:17  Marine x3  
  73  8:33  Marine  
  74  8:40  Marine x4  
  78  8:51  Marine  
  79  8:56  SCV  
  79  8:57  Marine, SCV  
  79  8:58  Marine x3  
  85  9:08  SCV  
  86  9:15  Supply Depot  
  86  9:21  Missile Turret  
  86  9:26  Marine, SCV  
  86  9:27  Marine  
  86  9:28  Marine x2  
  86  9:36  Marine  
  86  9:37  Medivac x2  
  91  9:38  Supply Depot, SCV  
  91  9:41  Missile Turret  
  91  9:44  Marine  
  91  9:45  Marine  
  75  9:46  Marine x2  
  75  9:50  SCV  
  64  9:54  Marine  
  65  10:02  Marine, SCV  
  65  10:03  Missile Turret, Marine x3  
  70  10:10  Combat Shields  
  70  10:12  Terran Infantry Armor Level 1, Marine  
  72  10:14  SCV  
  72  10:19  Marine  
  72  10:20  Armory  
  72  10:21  Marine x3  
  76  10:30  Marine  
  77  10:37  Marine  
  77  10:39  Marine  
  79  10:44  Marine  
  79  10:45  Marine  
  79  10:48  Marine  
  66  10:55  Marine  
  66  10:56  Marine  
  55  11:02  Marine  
  55  11:03  Marine  
  57  11:05  Marine  
  58  11:13  Marine  
  58  11:14  Marine  
  60  11:20  Marine  
  60  11:21  Marine  
  60  11:23  Marine, SCV  
  64  11:26  Medivac x2  
  64  11:31  Marine  
  64  11:32  Marine  
  70  11:36  SCV  
  70  11:38  Marine x2  
  61  11:41  Marine  
  61  11:43  Barracks  
  62  11:48  Marine  
  62  11:50  Marine  
  64  11:56  Marine x2  
  64  11:59  Marine, SCV  
  64  12:01  Medivac x2  
  72  12:06  Marine  
  72  12:08  Marine  
  65  12:11  SCV  
  65  12:13  Marine  
  65  12:14  Marine  
  62  12:17  Marine  
  63  12:24  Marine  
  63  12:25  Marine  
  65  12:31  Marine  
  65  12:32  Marine  
  65  12:33  Terran Infantry Weapons Level 2  
  65  12:34  Marine  
  68  12:42  Marine  
  68  12:43  Marine  
  70  12:45  Barracks Reactor  
  70  12:49  Marine  
  70  12:50  Marine  
  72  12:52  Marine  
  73  13:00  Marine  
  73  13:01  Marine  
  75  13:07  Marine x2  
  75  13:10  Marine  
  72  13:17  Marine  
  72  13:19  Marine  
  69  13:25  Marine x2  
  69  13:26  SCV  
  72  13:28  Marine  
  73  13:35  Marine  
  73  13:37  Marine  
  73  13:38  SCV  
  73  13:40  Marine x2  
  78  13:43  Marine x2  
  78  13:46  Marine  
  81  13:50  Supply Depot, SCV  
  81  13:53  Marine  
  81  13:55  Marine  
  84  13:58  Marine  
  84  14:00  Marine  
  86  14:07  Orbital Command  
  86  14:17  Command Center  
  66  14:32  Marine x4  
  36  14:48  Marine  
  36  14:49  Marine  
  36  14:50  Marine  
  21  15:06  Marine  
  21  15:07  Marine x2  
Show
View Real Time Build Order
Export as new Build Order

Manta Zerg - Winner!

Build Orders: Hatch First 

Get SALT Encoding   

  12  0:01  Drone  
  13  0:09  Drone  
  14  0:18  Overlord  
  14  0:37  Drone x3  
  17  1:01  Hatchery  
  16  1:04  Drone x2  
  18  1:23  Drone, Spawning Pool  
  18  1:24  Drone, Extractor  
  18  1:51  Hatchery  
  17  2:00  Drone x3  
  20  2:20  Queen, Extractor  
  20  2:21  Queen  
  23  2:24  Drone x2  
  25  2:31  Overlord  
  25  2:44  Drone  
  25  2:45  Drone x2  
  25  2:48  Overlord  
  28  3:02  Drone x2  
  28  3:03  Drone  
  28  3:05  Extractor  
  30  3:06  Drone  
  30  3:08  Drone x2  
  33  3:17  Lair  
  33  3:25  Drone x2  
  33  3:26  Drone  
  36  3:32  Queen  
  38  3:38  Queen  
  38  3:41  Drone  
  41  3:43  Drone  
  41  3:44  Drone  
  43  3:49  Drone x2  
  43  3:51  Drone x2  
  47  4:24  Spire  
  46  4:26  Drone x4  
  46  4:27  Drone, Spire  
  46  4:29  Overlord x2  
  50  4:42  Extractor  
  50  4:45  Extractor  
  48  4:46  Drone x2  
  48  4:49  Drone  
  48  4:50  Drone x3  
  54  4:53  Drone x2  
  54  4:54  Drone x5  
  54  4:55  Drone x3  
  54  4:58  Extractor  
  63  5:19  Drone x2  
  65  5:39  Overlord x2  
  65  5:45  Drone  
  65  5:46  Drone x3  
  65  5:47  Drone  
  31  5:56  Mutalisk x2  
  31  6:03  Drone  
  36  6:04  Queen  
  36  6:05  Queen  
  36  6:06  Mutalisk  
  36  6:07  Mutalisk  
  44  6:16  Mutalisk x3  
  50  6:24  Queen  
  52  6:28  Hatchery  
  52  6:31  Spore Crawler  
  50  6:34  Spore Crawler  
  50  6:36  Mutalisk x5  
  50  6:37  Mutalisk x3  
  65  7:10  Drone  
  65  7:11  Drone x6  
  65  7:13  Drone x2  
  74  7:56  Mutalisk  
  74  7:57  Mutalisk x6  
  88  8:00  Overlord x3  
  88  8:01  Overlord  
  84  8:34  Mutalisk x5  
  84  8:35  Mutalisk x4  
  102  8:53  Mutalisk x3  
  108  9:32  Mutalisk x5  
  108  9:33  Mutalisk  
  108  9:34  Overlord x2  
  108  9:35  Overlord  
  106  9:52  Drone x4  
  102  9:53  Drone x2  
  104  10:19  Mutalisk  
  104  10:20  Mutalisk x7  
  104  10:21  Mutalisk x4  
  120  10:23  Overlord x4  
  120  10:24  Overlord x3  
  128  10:39  Zerg Flyer Armor Level 1, Zerg Flyer Weapons Level 1  
  128  10:48  Mutalisk x3  
  128  10:49  Mutalisk  
  106  11:17  Mutalisk x6  
  90  12:23  Mutalisk  
  90  12:24  Mutalisk x7  
  90  12:25  Mutalisk x7  
  90  12:26  Mutalisk x2  
  124  12:47  Zerg Flyer Armor Level 2, Zerg Flyer Weapons Level 2  
  124  13:02  Hatchery  
  99  13:22  Mutalisk x3  
  99  13:23  Mutalisk x7  
  99  13:24  Mutalisk  
  119  13:52  Hatchery  
  118  14:01  Mutalisk x7  
  118  14:02  Mutalisk x2  
  136  14:13  Extractor  
  127  14:46  Pneumatized Carapace  
  127  14:47  Mutalisk  
  127  14:48  Mutalisk x7  
  127  14:49  Mutalisk x2  
  141  15:21  Mutalisk x2  
  141  15:22  Mutalisk x5  
  141  15:23  Mutalisk  
  157  15:50  Mutalisk x5  
  167  16:11  Mutalisk  
  167  16:12  Mutalisk x2  
  173  17:03  Extractor  
  173  17:06  Drone x5  
Show
View Real Time Build Order
Export as new Build Order

Mavoc Protoss - Winner!

Build Orders: 1 Gate Expand, Colossus Rush 

Get SALT Encoding   

  12  0:04  Probe (Chrono Boost)  
  13  0:15  Probe (Chrono Boost)  
  14  0:28  Pylon  
  14  0:38  Probe (Chrono Boost)  
  15  0:47  Assimilator  
  15  0:49  Probe (Chrono Boost)  
  16  0:56  Gateway  
  16  0:59  Probe (Chrono Boost)  
  17  1:10  Probe (Chrono Boost)  
  18  1:21  Pylon  
  18  1:33  Nexus  
  18  1:47  Cybernetics Core  
  18  1:54  Pylon  
  18  2:04  Probe (Chrono Boost)  
  19  2:09  Assimilator  
  19  2:15  Probe (Chrono Boost)  
  20  2:23  Pylon, Warp Gate (Chrono Boost)  
  20  2:25  Probe  
  21  2:37  Mothership Core  
  23  2:52  Robotics Facility, Probe  
  24  2:58  Probe  
  24  3:03  Probe  
  26  3:10  Gateway  
  26  3:16  Gateway  
  26  3:30  Gateway  
  26  3:36  Gateway  
  26  3:40  Probe  
  27  3:41  Probe  
  28  3:52  Probe  
  29  3:59  Robotics Bay  
  29  4:13  Probe  
  29  4:14  Pylon, Probe  
  31  4:17  Pylon  
  31  4:28  Forge  
  31  4:35  Zealot  
  33  4:41  Pylon  
  33  4:45  Pylon  
  33  4:47  Assimilator, Probe  
  33  4:48  Assimilator, Probe  
  35  4:57  Sentry  
  35  4:58  Sentry x2  
  41  5:00  Probe  
  41  5:04  Probe  
  43  5:12  Probe  
  44  5:15  Probe  
  44  5:20  Colossus (Chrono Boost)  
  51  5:24  Probe  
  52  5:58  Zealot x2  
  52  5:59  Zealot x3  
  62  6:08  Observer (Chrono Boost)  
  63  6:27  Observer (Chrono Boost)  
  52  6:43  Stalker x4  
  52  6:44  Stalker  
  52  6:45  Colossus (Chrono Boost)  
  68  7:07  Probe  
  69  7:08  Probe  
  70  7:17  Probe  
  70  7:18  Extended Thermal Lance  
  70  7:20  Probe  
  70  7:22  Protoss Ground Weapons Level 1  
  72  7:31  Warp Prism (Chrono Boost)  
  53  7:48  Pylon  
  53  11:20  Probe  
  54  11:31  Probe  
  55  11:41  Probe  
  56  11:52  Probe  
  57  12:03  Probe  
  58  12:44  Nexus  
  58  13:43  Assimilator  
  58  13:47  Assimilator  
  58  17:02  Probe  
  59  17:12  Probe  
  60  17:23  Probe  
Tags
 
Add a new tag
Caveats
  • Supply blocks, unpowered buildings, or Contaminate may cause inaccurate times.
  • Supply counts are checked every 10 seconds.